 Dungeon Crawl Stone Soup version 0.28-a0-750-g7c675f85b1 (webtiles) character file.

Game seed: 4681969607130712986

35 ytrimaz the Skirmisher (level 3, -2/29 HPs)
             Began as a Demonspawn Fighter on Oct 30, 2021.
             Was a Believer of Jiyva.
             Engulfed by a cloud of steam (13 damage)
             ... on level 3 of the Dungeon.
             The game lasted 00:04:07 (1790 turns).

ytrimaz the Skirmisher (Demonspawn Fighter)         Turns: 1790, Time: 00:04:07

Health: -2/29      AC:  6    Str: 17    XL:     3   Next: 17%
Magic:  1/3        EV: 11    Int: 10    God:    Jiyva [**....]
Gold:   34         SH:  4    Dex: 11    Spells: 2/2 levels left

rFire   . . .      SeeInvis .   a - +0 rapier
rCold   . . .      Faith    .   c - +0 buckler
rNeg    . . .      Spirit   .   b - +0 scale mail
rPois   .          Reflect  .   (helmet restricted)
rElec   .          Harm     .   (no cloak)
rCorr   .          Rampage  .   (no gloves)
Will    .....                   (no boots)
Stlth   ..........              (no amulet)
HPRegen 0.09/turn               (no ring)
MPRegen 0.08/turn               (no ring)

@: mighty
A: horns 1, repulsion field 1
a: Renounce Religion, Request Jelly


You were on level 3 of the Dungeon.
You worshipped Jiyva.
Jiyva was pleased with you.
You visited 1 branch of the dungeon, and saw 3 of its levels.

You collected 34 gold pieces.

Inventory:

Hand Weapons
 a - a +0 rapier (weapon)
Armour
 b - a +0 scale mail (worn)
 c - a +0 buckler (worn)
Scrolls
 g - a scroll of amnesia {unknown}
 h - a scroll of holy word {unknown}
 i - a scroll of magic mapping {unknown}
Potions
 e - a potion of curing {unknown}
 f - a potion of degeneration {unknown}
 j - a potion of mutation {unknown}
 k - 2 potions of heal wounds {unknown}


   Skills:
 + Level 3.4 Fighting
 - Level 1.7 Short Blades
 + Level 3.2 Armour
 + Level 3.1 Shields


You had 2 spell levels left.
You didn't know any spells.
Your spell library was empty.

Dungeon Overview and Level Annotations

Branches:
Dungeon (3/15)

Altars:
Wu Jian
Jiyva

Shops:
D:1 (*=([


Innate Abilities, Weirdness & Mutations

You have a pair of small horns on your head.
You are surrounded by a mild repulsion field. (EV +2)


Message History

You hear a distant slurping noise.
Jiyva appreciates your sacrifice.
You hear a squelching noise.
You hear a distant slurping noise.
A steam dragon comes into view.
The steam dragon hisses angrily.
A steam dragon is nearby!
Unknown command.
The steam dragon breathes steam at you. The ball of steam hits you!
You hear a distant slurping noise.
Unknown command.
You are engulfed in a cloud of scalding steam.
The steam dragon breathes steam at you. The ball of steam misses you.
Unknown command.
Okay, then.
The steam dragon bites you but does no damage.
The steam dragon claws you but does no damage.
You barely miss the steam dragon. The steam dragon barely misses you.
The steam dragon closely misses you.
Unknown command.
Really walk into that cloud of steam? [Y]es or [N]o only, please.
Really walk into that cloud of steam?
Okay, then.
The steam dragon bites you but does no damage.
The steam dragon closely misses you.
You feel very mighty all of a sudden.
The steam dragon bites you but does no damage.
The steam dragon closely misses you.
You closely miss the steam dragon. You headbutt the steam dragon!
The steam dragon is heavily wounded.
The steam dragon breathes steam at you. The ball of steam hits you!
The steam dragon closely misses you. The steam dragon claws you.
You puncture the steam dragon! You headbutt the steam dragon.
You kill the steam dragon!
You are engulfed in a cloud of scalding steam.
You die...

....... <.... .......
.... ......#####.#####
#......#.......
#......#.#.#.###.#
+...............>#
#......#ยง#.#.###.#
#......#.#.#.#
#.....@#.#.#.###.#
#......#.#.......#
#......#.###.#####
#......#.# #.#
#..J...#.# #.#
.....####.###.# #
####J#........#######.#
#.#.##.#...........#
#..............#


You could see 2 neutral jellies (fellow slime).

Vanquished Creatures
  A steam dragon (D:3)
  2 adders
  A worm (D:2)
  A dart slug (D:1)
  An endoplasm (D:1)
  A giant cockroach (D:1)
  3 goblins
  2 ball pythons
  2 bats
  A kobold (D:1)
  A toadstool (D:1)
16 creatures vanquished.

Vanquished Creatures (others)
  An adder skeleton (D:2)
  A ball python (D:1)
  2 giant cockroaches
  A goblin (D:3)
  A hobgoblin (D:1)
  A bat (D:1)
  2 rats
  3 toadstools (D:1)
12 creatures vanquished.

Grand Total: 28 creatures vanquished

Notes
Turn   | Place    | Note
-------+----------+-------------------------------------------
     0 | D:1      | ytrimaz the Demonspawn Fighter began the quest for the Orb.
     0 | D:1      | Reached XP level 1. HP: 18/18 MP: 1/1
    66 | D:1      | Found Pauhogat's Jewellery Emporium.
   143 | D:1      | Found a faded altar of an unknown god.
   157 | D:1      | Prayed at the altar of an unknown god.
   157 | D:1      | Became a worshipper of Jiyva Jusudgh the Shapeless
   157 | D:1      | Reached * piety under Jiyva
   175 | D:1      | Found Ytutt's Weapon Emporium.
   213 | D:1      | Gained mutation: You are surrounded by a mild repulsion
                  | field. (EV +2) [demonic ancestry]
   213 | D:1      | Reached XP level 2. HP: 18/24 MP: 2/2
   377 | D:1      | Found Waggy's Assorted Antiques.
   394 | D:1      | Found Ukkasmuf's Weapon Shoppe.
   491 | D:1      | Found Peipn's Antique Armour Shop.
   842 | D:2      | Reached ** piety under Jiyva
  1091 | D:2      | Found an ornate altar of the Wu Jian Council.
  1762 | D:3      | Gained mutation: You have a pair of small horns on your
                  | head. [demonic ancestry]
  1762 | D:3      | Reached XP level 3. HP: 29/29 MP: 3/3
  1778 | D:3      | Noticed a steam dragon
  1790 | D:3      | Killed a steam dragon
  1790 | D:3      | Engulfed by a cloud of steam

Illustrated notes

Levels and vault maps discovered:
D:1:      ldierk_water_garden, layout_loops_ring,
          hellmonk_ecumenical_altar_zigzags, serial_shops, nicolae_shop_crystal,
          shop, shop, nicolae_shop_waterfront, nicolae_diamond_shop
D:2:      layout_loops_ring, basic_altar, chequers_serial_rivers_large_a,
          mrwooster_statue_mirror
D:3:      layout_basic, minmay_tree_intersection, minmay_misc_feat_chi

Skill      XL: |  1  2 |
---------------+-------+-----
Armour         | 3 |  3.2
Shields        | 3 |  3.1
Fighting       | |  3.4
Short Blades   | |  1.7

Action                   || total
-------------------------++-------
Melee: Rapier            ||    57
       Headbutt          ||     2
Invok: Request Jelly     ||     1
  Use: Potion            ||     1
Armor: Scale mail        ||    34
Dodge: Dodged            ||    29
Block: Buckler           ||    12

Table legend: (Time is in decaauts)
 A = Elapsed time spent in this place.
 B = Non-inter-level travel time spent in this place.
 C = Inter-level travel time spent in this place.
 D = Time resting spent in this place.
 E = Time spent auto-exploring this place.
 F = Levels seen in this place.
 G = Mean time per level.
                   A        B        C        D        E       F      G
               +--------+--------+--------+--------+--------+-----+--------+
         Total |   1802 |   1781 |     21 |     66 |   1462 |   3 |  600.7 |
       Dungeon |   1802 |   1781 |     21 |     66 |   1462 |   3 |  600.7 |
               +--------+--------+--------+--------+--------+-----+--------+

Top non-repeatable levels by time:
     D:2: 827 daAuts
     D:1: 798 daAuts
     D:3: 176 daAuts
